Map: Ancient Cistern LE

Players

eteRLem - Winner!

  • Race: Protoss Protoss
  • Spawn Location: 1:00

VOD

Have the link to the VOD?

Description

Time

  • Played on: Aug. 12, 2023, 5:41 p.m.
  • Length: 21:24
Show
View Real Time Build Order
Export as new Build Order

eteRLem Protoss - Winner!

Build Orders:  

Get SALT Encoding   

  12  0:04  Probe (Chrono Boost)  
  14  0:21  Probe (Chrono Boost)  
  14  0:26  Pylon  
  14  0:38  Probe (Chrono Boost)  
  15  0:55  Probe (Chrono Boost)  
  16  1:01  Gateway  
  16  1:08  Assimilator  
  17  1:12  Probe (Chrono Boost)  
  17  1:29  Probe (Chrono Boost)  
  18  1:46  Probe (Chrono Boost)  
  19  2:03  Probe (Chrono Boost)  
  20  2:17  Nexus  
  20  2:22  Probe (Chrono Boost)  
  20  2:23  Assimilator  
  21  2:44  Pylon  
  21  3:10  Cybernetics Core  
  21  3:24  Probe (Chrono Boost)  
  23  3:41  Probe (Chrono Boost)  
  23  3:56  Stalker  
  23  4:04  Probe (Chrono Boost)  
  23  4:05  Probe (Chrono Boost)  
  27  4:30  Robotics Facility  
  27  4:47  Stalker (Chrono Boost)  
  27  4:49  Pylon  
  27  4:59  Gateway  
  29  5:00  Gateway  
  29  5:01  Probe  
  29  5:02  Probe  
  31  5:13  Warp Gate  
  31  5:18  Probe  
  31  5:19  Probe  
  33  5:29  Stalker (Chrono Boost)  
  35  5:34  Probe  
  35  5:36  Probe  
  37  5:41  Observer (Chrono Boost)  
  38  5:51  Probe  
  38  5:53  Probe  
  40  6:09  Immortal (Chrono Boost)  
  44  6:30  Pylon  
  44  6:31  Pylon  
  44  6:37  Stalker  
  44  6:38  Stalker x2  
  50  7:03  Assimilator  
  50  7:14  Twilight Council  
  50  7:22  Probe x2  
  50  7:24  Observer  
  50  7:29  Assimilator  
  52  7:39  Probe x2  
  54  7:56  Probe x2  
  56  8:11  Zealot x2  
  56  8:12  Zealot  
  56  8:16  Immortal (Chrono Boost)  
  66  8:33  Probe  
  67  8:46  Probe  
  68  8:50  Probe  
  69  9:03  Probe  
  70  9:23  Gateway  
  70  9:24  Gateway  
  70  9:27  Gateway  
  70  9:31  Charge (Chrono Boost)  
  70  9:32  Gateway  
  70  9:37  Gateway  
  70  9:38  Gateway  
  70  9:39  Gateway  
  70  9:42  Templar Archives  
  70  10:09  Pylon  
  70  10:13  Pylon  
  70  10:18  Pylon  
  70  10:21  Pylon  
  70  10:23  Probe, Pylon  
  70  10:25  Pylon  
  70  10:29  Pylon  
  70  10:30  Immortal (Chrono Boost), Pylon  
  70  10:36  Pylon  
  74  10:48  Zealot  
  74  10:49  Zealot x6  
  88  10:52  Zealot  
  88  10:54  Zealot x2  
  94  11:22  Warp Prism (Chrono Boost)  
  96  11:30  Forge  
  96  11:33  Forge  
  96  11:49  High Templar x6  
  108  11:50  High Templar x3  
  108  11:52  Nexus  
  114  12:00  High Templar, Immortal (Chrono Boost)  
  120  12:13  Archon  
  120  12:14  Archon x3  
  120  12:17  Archon  
  120  12:53  Observer (Chrono Boost)  
  121  13:07  Assimilator  
  121  13:09  Zealot x6  
  133  13:10  Zealot x4  
  133  13:13  Assimilator  
  141  13:26  Probe  
  142  13:33  Probe  
  142  13:43  Probe  
  142  13:49  Probe  
  118  14:00  Probe  
  118  14:06  Probe  
  120  14:17  Probe  
  120  14:21  Unknown  
  120  14:23  Probe  
  120  14:29  Photon Cannon  
  117  14:34  Probe  
  110  14:40  Probe  
  110  14:46  Zealot x2  
  110  14:47  Zealot x6  
  117  15:08  Observer (Chrono Boost)  
  100  15:23  Unknown  
  100  15:24  Unknown, Zealot x5  
  100  15:25  Zealot x3  
  92  15:53  Unknown  
  76  16:12  High Templar x9  
  76  16:13  High Templar  
  90  16:22  Archon x2  
  90  16:23  Archon x3  
  79  17:01  Zealot x8  
  79  17:02  Zealot x2  
  95  17:30  Zealot x5  
  95  17:31  Zealot x5  
  109  18:01  Zealot x6  
  109  18:02  Zealot x4  
  109  18:06  Unknown  
  119  18:35  High Templar x3  
  119  18:36  High Templar x6  
  137  18:41  Archon  
  137  18:42  Archon x3  
  137  18:55  High Templar  
  139  19:08  Archon  
  135  20:02  Zealot x5  
  135  20:03  Zealot x5  
Tags
 
Add a new tag
Caveats
  • Supply blocks, unpowered buildings, or Contaminate may cause inaccurate times.
  • Supply counts are checked every 10 seconds.